 Dungeon Crawl Stone Soup version 0.29.0-4-gdea44cf6ec (webtiles) character file.

Game seed: 8766477132134726953

21 qw the Chopper (level 2, -1/17 HPs)
             Began as a Tengu Warper on Aug 28, 2022.
             Slain by Terence
             ... wielding a +0 short sword
              (2 damage)
             ... on level 2 of the Dungeon.
             The game lasted 00:00:05 (1002 turns).

qw the Chopper (Tengu Warper)                       Turns: 1002, Time: 00:00:05

Health: -1/17      AC:  3    Str: 11    XL:     2   Next: 83%
Magic:  6/6        EV: 11    Int: 13    God:
Gold:   30         SH:  0    Dex: 13    Spells: 5/5 levels left

rFire   . . .      SeeInvis .   Y - +0 hand axe
rCold   . . .      Faith    .   (no shield)
rNeg    . . .      Spirit   .   b - +0 leather armour
rPois   .          Reflect  .   (helmet restricted)
rElec   .          Harm     .   (no cloak)
rCorr   .          Rampage  .   (no gloves)
Will    .....                   (boots unavailable)
Stlth   +.........              (no amulet)
HPRegen 0.05/turn               (no ring)
MPRegen 0.10/turn               (no ring)

@: no status effects
A: beak, talons 3
a: no special abilities


You were on level 2 of the Dungeon.
You visited 1 branch of the dungeon, and saw 2 of its levels.

You collected 30 gold pieces.


Innate Abilities, Weirdness & Mutations

You have a beak for a mouth.
You have claws for feet.


   Skills:
 - Level 2.0 Fighting
 + Level 3.6 Axes
 - Level 1.0 Throwing
 - Level 1.1 Armour
 - Level 2.1 Dodging
 - Level 2.0 Spellcasting
 - Level 2.4 Translocations


You had 5 spell levels left.
You didn't know any spells.
Your spell library contained the following spells:

 Spells                   Type           Power      Damage    Failure   Level
 Blink                    Tloc           14%        N/A       19%         2
 Gell's Gravitas          Tloc           7%         N/A       36%         3
 Lesser Beckoning         Tloc           7%         N/A       36%         3
 Teleport Other           Tloc           7%         N/A       36%         3
 Manifold Assault         Tloc           7%         N/A       98%         5

Inventory:

Hand Weapons
 Y - a +0 hand axe (weapon)
Armour
 a - a +0 chain mail
 b - a +0 leather armour (worn)
Jewellery
 f - a ring of ice
Scrolls
 e - 3 scrolls of magic mapping {unknown}
 j - a scroll of silence {unknown}
Potions
 c - a potion of heal wounds {unknown}
 d - a potion of berserk rage {unknown}
 g - 2 potions of flight {unknown}
 h - a potion of might {unknown}
 i - 2 potions of cancellation {unknown}

Dungeon Overview and Level Annotations

Branches:
Dungeon (2/15)

Altars:

Shops:
D:2 :

Annotations:
D:2 Terence


Message History

You kill the frilled lizard!
Terence the Incautious comes into view.
He is wielding a +0 short sword.
Terence shouts!
You barely miss Terence. Terence hits you with a +0 short sword.
You hit Terence. You claw Terence, but do no damage.
Terence is lightly wounded.
Terence hits you but does no damage.
You hit Terence.
Terence is moderately wounded.
Terence hits you with a +0 short sword. Terence misses you.
You hit Terence. Your peck misses Terence.
Terence is heavily wounded.
Terence bares his teeth.
Terence hits you with a +0 short sword.
You completely miss Terence.
Terence is heavily wounded.
Terence closely misses you.
You hit Terence but do no damage. Your peck misses Terence.
Terence is heavily wounded.
Terence hits you with a +0 short sword.
You hit Terence but do no damage. Your kick misses Terence.
Terence is heavily wounded.
Terence barely misses you.
You hit Terence. You claw Terence.
Terence is severely wounded.
Terence closely misses you.
You barely miss Terence. Your peck misses Terence.
Terence is severely wounded.
Terence misses you.
You hit Terence. Your kick misses Terence. Your peck misses Terence.
Terence is severely wounded.
Terence closely misses you.
You hit Terence but do no damage. You claw Terence, but do no damage.
Terence is severely wounded.
Terence closely misses you.
You completely miss Terence. Your kick misses Terence.
Your peck misses Terence.
Terence is severely wounded.
Terence hits you with a +0 short sword.
You die...

....# #....#
.....# .....#
.....# .....#
#####@....# ##
####...@.....#
.#
##....####....#
.# ####..####
####
.#####....##
.#....>####
...#####
##...##
##########
......#
#........#
..#.#.#
#........#


You could see Terence.

Vanquished Creatures
  An adder (D:2)
  A bat (D:1)
  2 endoplasms
  2 goblins
  A hobgoblin (D:1)
  A quokka (D:1)
  A frilled lizard (D:2)
  A rat (D:1)
10 creatures vanquished.

Vanquished Creatures (others)
  A plant (D:1)
1 creature vanquished.

Grand Total: 11 creatures vanquished

Notes
Turn   | Place    | Note
-------+----------+-------------------------------------------
     0 | D:1      | qw the Tengu Warper began the quest for the Orb.
     0 | D:1      | Reached XP level 1. HP: 12/12 MP: 4/4
     0 | D:1      | 0 ||| qw: Version: 0.1-a-89-g26bdef1
     0 | D:1      | 0 ||| qw: Game counter: 1950
     0 | D:1      | 0 ||| qw: Always use a shield: true
     0 | D:1      | 0 ||| qw: God list: Okawaru
     0 | D:1      | 0 ||| qw: Allow faded altars: false
     0 | D:1      | 0 ||| qw: Do Orc after D:15 true
     0 | D:1      | 0 ||| qw: Do second Lair branch before Depths: true
     0 | D:1      | 0 ||| qw: Lair rune preference: random
     0 | D:1      | 0 ||| qw: Plans: Normal
     0 | D:1      | 0 ||| PLANNING D:1-11
   215 | D:1      | Found a faded altar of an unknown god.
   490 | D:1      | Reached skill level 3 in Axes
   490 | D:1      | Reached XP level 2. HP: 17/17 MP: 6/6
   632 | D:1      | 632 ||| READING scroll labelled JEOQOMPAAWN.
   633 | D:1      | 633 ||| DROPPING scroll of blinking.
   760 | D:2      | Identified the +6 sling of Checks and Balances {venom,
                  | Will+++ Int+2 Dex+3}
   821 | D:2      | Found Pegas's Vocational Training.
   933 | D:2      | 933 ||| Stepping ~*~*~tactically~*~*~ (stealth).
   989 | D:2      | Noticed Terence
   996 | D:2      | HP: 1/17 [Terence/+0 short sword (6)]
  1002 | D:2      | Slain by Terence

Levels and vault maps discovered:
D:1:      dpeg_arrival_connections, layout_loops_ring,
          ebering_ecumenical_altar_rust, serial_forest,
          infiniplex_forest_clump_double, infiniplex_forest_lined_2,
          infiniplex_forest_lined_room_2, infiniplex_forest_clump_small,
          infiniplex_forest_clump_curved, infiniplex_forest_straight_5,
          infiniplex_forest_pool
D:2:      layout_rooms, nicolae_shop_vocational, uniq_terence

Skill      XL: |  1 |
---------------+----+-----
Axes           | 3 |  3.6
Fighting       | |  2.0
Throwing       | |  1.0
Armour         | |  1.1
Dodging        | |  2.1
Spellcasting   | |  2.0
Translocations | |  2.4

Action                   || total
-------------------------++-------
Melee: Hand axe          ||    37
       Kick              ||    10
       Peck              ||     5
Throw: Boomerang         ||     7
  Use: Scroll            ||     1
Armor: Leather armour    ||    13
Dodge: Dodged            ||    22

Table legend:
 A = Non-vault XP
 B = Vault XP
 C = Vault XP percentage of total XP
 D = Non-vault monster count
 E = Vault monster count
 F = Vault count percentage of total count
                 A         B        C        D         E       F
            +---------+---------+-------+---------+---------+-------
      Total |      30 |       0 |   0.0 |      10 |       0 |   0.0
            +---------+---------+-------+---------+---------+-------
        D:1 |      11 |       0 |   0.0 |       6 |       0 |   0.0
        D:2 |      19 |       0 |   0.0 |       4 |       0 |   0.0
            +---------+---------+-------+---------+---------+-------
